 Dungeon Crawl Stone Soup version 0.28-a0-1389-gc726bef33b (webtiles) character file.

Game seed: 7626263438900968800

24241 Grim the Bludgeoner (level 12, -5/112 HPs)
             Began as a Minotaur Berserker on Jan 3, 2022.
             Was an Elder of Trog.
             Slain by a skeletal warrior (10 damage)
             ... led by a skeletal warrior
             ... on level 12 of the Dungeon.
             The game lasted 00:26:40 (18005 turns).

Grim the Bludgeoner (Minotaur Berserker)           Turns: 18005, Time: 00:26:40

Health: -5/112     AC: 17    Str: 22    XL:     12   Next: 78%
Magic:  11/11      EV: 14    Int:  8    God:    Trog [****..]
Gold:   805        SH:  0    Dex: 11    Spells: 11/11 levels left

rFire   . . .      SeeInvis +   N - +4 dire flail (flame)
rCold   . . .      Faith    .   (shield currently unavailable)
rNeg    . . .      Spirit   .   G - +0 plate armour
rPois   .          Reflect  .   (helmet restricted)
rElec   .          Harm     .   T - scarf {repulsion}
rCorr   .          Rampage  .   (no gloves)
Will    ++...                   q - +0 pair of boots
Stlth   ..........              (no amulet)
HPRegen 1.28/turn               e - +4 ring of evasion
MPRegen 0.12/turn               U - ring of see invisible

@: strong-willed, on berserk cooldown, regenerating, slowed, repel missiles,
very slow
A: horns 2, retaliatory headbutt
a: Renounce Religion, Berserk, Trog's Hand, Brothers in Arms


You were on level 12 of the Dungeon.
You worshipped Trog.
Trog was greatly pleased with you.
You visited 2 branches of the dungeon, and saw 14 of its levels.
You also visited: Sewer and Ossuary.

You collected 955 gold pieces.
You spent 150 gold pieces at shops.

Inventory:

Hand Weapons
 N - a +4 dire flail of flaming (weapon)
Missiles
 l - 380 stones
 p - 47 poisoned darts (quivered)
 r - 12 javelins
 B - 7 boomerangs
 C - a curare-tipped dart
 P - a throwing net
Armour
 q - a +0 pair of boots (worn)
 u - a +0 cloak
 G - a +0 plate armour (worn)
 T - a scarf of repulsion (worn)
Jewellery
 e - a +4 ring of evasion (left hand)
 F - a +6 ring of intelligence
 I - a ring of positive energy
 J - a ring of flight
 M - a ring of willpower
 R - a ring of magical power
 U - a ring of see invisible (right hand)
 V - a ring of resist corrosion
Wands
 a - a wand of flame (18)
 L - a wand of iceblast (7)
 W - a wand of polymorph (7)
Scrolls
 c - a scroll of silence {unknown}
 f - 4 scrolls of enchant armour {unknown}
 g - 3 scrolls of magic mapping {unknown}
 i - 2 scrolls of blinking {unknown}
 s - 4 scrolls of immolation {unknown}
 t - 4 scrolls of identify
 w - 5 scrolls of teleportation
 x - 3 scrolls of vulnerability {unknown}
 y - 5 scrolls of enchant weapon {unknown}
 z - 4 scrolls of fog {unknown}
 A - a scroll of brand weapon {unknown}
 H - 3 scrolls of fear {unknown}
 K - 2 scrolls of holy word {unknown}
 S - a scroll of noise {unknown}
Potions
 b - a potion of lignification {unknown}
 d - 2 potions of brilliance {unknown}
 h - 3 potions of might
 k - 4 potions of curing
 m - 4 potions of attraction {unknown}
 n - 7 potions of mutation {unknown}
 o - a potion of haste {unknown}
 v - 4 potions of flight
 D - 2 potions of degeneration {unknown}
 E - 2 potions of ambrosia {unknown}
 O - a potion of cancellation {unknown}
 Q - a potion of berserk rage {unknown}


   Skills:
 + Level 12.0 Fighting
 - Level 15.0 Maces & Flails
 * Level 5.6 Throwing
 - Level 12.5 Armour
 - Level 10.9 Dodging


You had 11 spell levels left.
You didn't know any spells.
Your spell library was empty.

Dungeon Overview and Level Annotations

Branches:
Dungeon (13/15)            Temple (1/1) D:6            Lair (0/6) D:10
    Orc (0/2) D:9           Sewer (visited)         Ossuary (visited)
 Vaults: D:13-14

Altars:
Ashenzari
Cheibriados
Dithmenos
Elyvilon
Fedhas
Gozag
Hepliaklqana
Kikubaaqudgha
Makhleb
Nemelex Xobeh
Okawaru
Qazlal
Ru
Sif Muna
Trog
Uskayaw
Vehumet
Wu Jian
Xom
Yredelemnul
Zin
The Shining One

Shops:
D:6 =   D:10 *


Innate Abilities, Weirdness & Mutations

You have a pair of horns on your head.
You reflexively headbutt those who attack you in melee.


Message History

* * * LOW HITPOINT WARNING * * *
The skeletal warrior completely misses you.
Things that are here:
a +0 flail; 10 gold pieces The skeletal warrior throws a stone.
The stone hits you!
* * * LOW HITPOINT WARNING * * *
The skeletal warrior throws a stone.
The stone misses you.
The skeletal warrior throws a stone.
The stone misses you. The skeletal warrior misses you.
The skeletal warrior throws a stone.
The stone closely misses you.
The skeletal warrior throws a stone.
The stone barely misses you.
The skeletal warrior hits you but does no damage.
The skeletal warrior throws a stone.
The stone closely misses you.
The skeletal warrior hits you but does no damage.
You are electrocuted!
* * * LOW HITPOINT WARNING * * *
The skeletal warrior throws a stone.
The stone closely misses you.
The skeletal warrior hits you with a +0 battleaxe of electrocution!
* * * LOW HITPOINT WARNING * * *
The skeletal warrior throws a stone.
The stone hits you!
* * * LOW HITPOINT WARNING * * *
The skeletal warrior completely misses you.
You feel much better.
The skeletal warrior hits you with a +0 battleaxe of electrocution!
* * * LOW HITPOINT WARNING * * *
You are electrocuted!
* * * LOW HITPOINT WARNING * * *
The skeletal warrior hits you with a +0 battleaxe of electrocution!
* * * LOW HITPOINT WARNING * * *
The skeletal warrior hits you from afar with a +1 halberd of flaming!
* * * LOW HITPOINT WARNING * * *
The skeletal warrior burns you.
* * * LOW HITPOINT WARNING * * *
Unknown command.
Your skin crawls.
You feel strong-willed. Trog will no longer gift you weapons.
You hear the loud crackling of a distant melting archway.
The skeletal warrior hits you with a +0 battleaxe of electrocution!
You die...

#...............................
##................###.......)....
..................# ######.......
..................# #.......
#...............[.# #.......
###############...# #..#####
..............#...# #..#
..............#...# #..#
..............#.@.### #..#
..............#.z...# #..#
#####'#########..z..######..#
............................#
..............:.............##
.............................#
.............................#
..................>..........#
...........................>.#


You could see 2 skeletal warriors.

Vanquished Creatures
  Josephine (D:10)
  A hydra (D:9)
  Erica (D:9)
  3 two-headed ogres (D:10)
  Urug (D:10)
  3 skeletal warriors (D:12)
  The ghost of Deminshera the Covert, a novice KoBr of Dithmenos (D:6)
  The ghost of niknal the Insei, a novice OpTm of Sif Muna (D:7)
  A wizard (D:10)
  An elephant (D:10)
  An ugly thing (D:10)
  3 cyclopes
  The ghost of Stonecrops the Skirmisher, a novice VSFi (D:6)
  2 unseen horrors (D:10)
  4 trolls
  4 slime creatures (D:13)
  2 dream sheep (D:9)
  A shadow (D:12)
  22 yaks
  7 wraiths
  A steam dragon (D:9)
  4 vampire mosquitoes
  A warg (D:8)
  4 acid dragons
  2 water moccasins
  5 orc warriors
  3 ice beasts
  3 sky beasts
  2 black bears (D:10)
  A hornet zombie (D:7)
  5 centaurs
  6 ogres
  2 necrophages (D:9)
  A phantom (D:4)
  6 kobold brigands
  3 bullfrogs (D:7)
  4 gnoll sergeants
  2 water moccasin zombies (Ossuary)
  2 scorpions (D:7)
  A water moccasin skeleton (D:4)
  3 wights (D:9)
  3 electric eels (D:10)
  7 howler monkeys
  3 bullfrog zombies
  5 centaur zombies
  10 orc priests
  2 bullfrog skeletons (D:7)
  2 centaur skeletons
  6 gnoll shamans
  12 hounds
  2 jellies
  Crazy Yiuf (D:3)
  2 iguanas (D:4)
  12 orc wizards
  A merfolk avatar (Sewer)
  A merfolk siren (Sewer)
  A hound zombie (D:5)
  A hound skeleton (D:5)
  5 mummies
  3 howler monkey zombies
  9 adders
  24 gnolls
  2 river rats (Sewer)
  2 white imps
  An ufetubus (D:7)
  An adder skeleton (D:4)
  6 adder zombies (Ossuary)
  4 worms
  3 dart slugs
  27 orcs
  14 ball pythons
  6 bats
  5 endoplasms
  9 giant cockroaches
  3 gnoll zombies (Ossuary)
  8 hobgoblins
  3 jackals (D:4)
  4 quokkas
  7 frilled lizards
  7 goblins
  4 hobgoblin zombies (Ossuary)
  23 kobolds
  2 kobold zombies (Ossuary)
  6 orc zombies (Ossuary)
  24 rats
405 creatures vanquished.

Vanquished Creatures (others)
  A fungus (D:10)
  11 plants
12 creatures vanquished.

Grand Total: 417 creatures vanquished

Notes
Turn   | Place    | Note
-------+----------+-------------------------------------------
     0 | D:1      | Grim the Minotaur Berserker began the quest for the Orb.
     0 | D:1      | Reached XP level 1. HP: 19/19 MP: 0/0
   105 | D:1      | Reached skill level 4 in Maces & Flails
   209 | D:1      | Reached XP level 2. HP: 17/26 MP: 1/1
  1179 | D:1      | Reached skill level 5 in Maces & Flails
  1310 | D:2      | Reached XP level 3. HP: 20/31 MP: 2/2
  1313 | D:2      | Reached ** piety under Trog
  1921 | D:2      | Found a faded altar of an unknown god.
  2848 | D:3      | Reached XP level 4. HP: 39/39 MP: 3/3
  2871 | D:3      | Reached skill level 6 in Maces & Flails
  2981 | D:3      | Found a basalt altar of Yredelemnul.
  3007 | D:3      | Found a radiant altar of Vehumet.
  3201 | D:3      | Noticed a sky beast
  3219 | D:3      | Killed a sky beast
  3220 | D:3      | Reached skill level 7 in Maces & Flails
  3220 | D:3      | Reached XP level 5. HP: 18/45 MP: 4/4
  3483 | D:3      | Found a shimmering altar of Xom.
  3534 | D:3      | Found a runed translucent door.
  3535 | D:3      | Noticed Crazy Yiuf
  3670 | D:3      | Found a white marble altar of Elyvilon.
  3831 | D:3      | Killed Crazy Yiuf
  3968 | D:4      | Noticed a phantom
  3974 | D:4      | Killed a phantom
  3975 | D:4      | Reached skill level 8 in Maces & Flails
  3975 | D:4      | Reached XP level 6. HP: 51/51 MP: 5/5
  4075 | D:4      | Found an ornate altar of the Wu Jian Council.
  4075 | D:4      | Found an iron altar of Okawaru.
  4241 | D:4      | Found a glowing drain.
  4262 | Sewer    | Entered a sewer
  4395 | Sewer    | Reached skill level 9 in Maces & Flails
  4549 | Sewer    | Reached *** piety under Trog
  5307 | D:4      | Reached XP level 7. HP: 52/57 MP: 6/6
  5538 | D:5      | Entered Level 5 of the Dungeon
  5558 | D:5      | Reached skill level 10 in Maces & Flails
  5860 | D:5      | Identified the +8 dagger of the Leaping Pariah {venom,
                  | rElec rN+ Dex+2 Stlth-}
  5932 | D:5      | Identified the +1 leather armour of Xom's Reproof {rF++ rN+
                  | Dex-3}
  6019 | D:5      | Reached **** piety under Trog
  6246 | D:5      | Reached skill level 11 in Maces & Flails
  6724 | D:6      | Found an ancient bone altar of Kikubaaqudgha.
  6772 | D:6      | Found a staircase to the Ecumenical Temple.
  6784 | D:6      | Found a runed translucent gate.
  6792 | Temple   | Entered the Ecumenical Temple
  6908 | D:6      | Reached XP level 8. HP: 57/64 MP: 7/7
  6969 | D:6      | Found Wefrod's Jewellery Boutique.
  7037 | D:6      | Found a runed translucent gate.
  7038 | D:6      | Found a runed translucent gate.
  7039 | D:6      | Noticed Stonecrops's ghost (novice VSFi)
  7040 | D:6      | Noticed Deminshera's ghost (novice KoBr)
  7054 | D:6      | Killed Stonecrops's ghost
  7055 | D:6      | Reached skill level 5 in Armour
  7066 | D:6      | Killed Deminshera's ghost
  7067 | D:6      | Reached skill level 12 in Maces & Flails
  7197 | D:6      | Found a sand-covered staircase.
  7204 | Ossuary  | Entered an ossuary
  7230 | Ossuary  | Reached XP level 9. HP: 60/70 MP: 8/8
  7450 | D:6      | Identified the +5 war axe of Sudwat {holy, Contam *Noise
                  | rPois Stlth+}
  7707 | D:7      | Reached skill level 13 in Maces & Flails
  8288 | D:7      | Reached skill level 14 in Maces & Flails
  8915 | D:7      | Found an opulent altar of Gozag.
  8915 | D:7      | Found a sparkling altar of Nemelex Xobeh.
  8931 | D:7      | Noticed niknal's ghost (novice OpTm)
  8933 | D:7      | Identified the +1 giant spiked club of the Evil Eye
                  | {freeze, rF+}
  8934 | D:7      | Found a transporter.
  8934 | D:7      | Found a transporter.
  8952 | D:7      | Killed niknal's ghost
  8953 | D:7      | Reached skill level 10 in Armour
  8953 | D:7      | Reached XP level 10. HP: 77/77 MP: 9/9
  9241 | D:8      | Identified the +10 quarterstaff "Yqicha" {antimagic, Str+8
                  | Int-5 SInv}
  9292 | D:8      | Found a hide-covered altar of Uskayaw.
  9757 | D:8      | Reached skill level 15 in Maces & Flails
  9857 | D:8      | Found a glowing golden altar of the Shining One.
 10458 | D:8      | Noticed a cyclops
 10483 | D:8      | Killed a cyclops
 10484 | D:8      | Reached skill level 5 in Fighting
 10492 | D:8      | Reached ***** piety under Trog
 10758 | D:8      | Received a gift from Trog
 11496 | D:8      | Identified the +3 helmet of Hedge Wizardry {rF+}
 11773 | D:9      | Found a staircase to the Orcish Mines.
 11799 | D:9      | Reached XP level 11. HP: 89/92 MP: 10/10
 12046 | D:9      | HP: 4/92 [poisoned by a gnoll sergeant]
 12573 | D:9      | Noticed a three-headed hydra
 12579 | D:9      | Killed a three-headed hydra
 12864 | D:9      | Noticed Erica
 12872 | D:9      | Killed Erica
 12873 | D:9      | Reached skill level 5 in Dodging
 13269 | D:10     | Entered Level 10 of the Dungeon
 13269 | D:10     | Found Kakuhaxylo's Blasphemy Boutique.
 13332 | D:10     | Noticed a wizard
 13332 | D:10     | Noticed a two-headed ogre
 13425 | D:10     | Killed a two-headed ogre
 13426 | D:10     | Killed a wizard
 14587 | D:10     | Noticed Josephine
 14605 | D:10     | Killed Josephine
 14651 | D:10     | Noticed Urug
 14839 | D:10     | Noticed a two-headed ogre
 15140 | D:10     | Noticed a two-headed ogre
 15144 | D:10     | Killed a two-headed ogre
 15145 | D:10     | Reached skill level 10 in Fighting
 15145 | D:10     | Reached XP level 12. HP: 106/106 MP: 11/11
 15150 | D:10     | Received a gift from Trog
 15348 | D:10     | Killed Urug
 15551 | D:6      | Bought a ring of see invisible for 150 gold pieces
 15788 | D:10     | Found a staircase to the Lair.
 15835 | D:10     | Found a stormy altar of Qazlal.
 16095 | D:10     | Reached skill level 10 in Dodging
 16130 | D:10     | Killed a two-headed ogre
 16514 | D:10     | Identified the +3 flail "Goblinbane" {spect, Contam Int+2
                  | Dex+5}
 16776 | D:11     | Reached skill level 1 in Throwing
 17000 | D:11     | You fall into a shaft and drop 2 floors!
 17611 | D:12     | HP: 5/111 [skeletal warrior[a skeletal warrior] (5)]
 17974 | D:12     | Reached skill level 5 in Throwing
 18004 | D:12     | HP: 5/112 [skeletal warrior[a skeletal warrior] (9)]
 18005 | D:12     | Slain by a skeletal warrior

Illustrated notes

Levels and vault maps discovered:
D:1:      dpeg_arrival_brainrot, layout_basic
D:2:      layout_basic, hellmonk_ecumenical_altar_leap_of_faith,
          minmay_octomino_c4
D:3:      layout_loops_cross, nicolae_elyvilon_peaceful_grove,
          general_overflow_altar, mainiacjoe_overflow_catch_the_wave,
          grunt_decor_cap, uniq_crazy_yiuf_cottage
D:4:      layout_loops_corners, mainiacjoe_overflow_divided_tiny,
          gup_sewer_entry_bubbles
D:5:      layout_basic, dk_noncrumbling_4, saegor_snake_ambush
D:6:      layout_basic, mainiacjoe_overflow_brackets,
          minmay_temple_entry_slanted, gammafunk_ghost_cemetery, serial_shops,
          shop, enter_ossuary_1
D:7:      minmay_slanted_spiral_squares, layout_loops_corners,
          grunt_temple_overflow_opulence, gammafunk_ghost_smash
D:8:      lemuel_castle_with_subvaults [lemuel_castle_interior_carwin_1],
          layout_loops_ring, nicolae_tso_swordbearing_angel,
          nicolae_uskayaw_murder_on_the_dancefloor
D:9:      layout_irregular_city, david_orc_3, serial_undead, serial_undead_c,
          serial_undead_f, serial_undead_c, serial_undead_c, serial_undead_c,
          serial_undead_e, serial_undead_f, serial_undead_a, serial_undead_a,
          serial_undead_d, hangedman_ranch, uniq_erica
D:10:     kennysheep_windowed_halls, layout_small_grid,
          mainiacjoe_overflow_small_starburst, david_lair_generic,
          chequers_big_river, nicolae_evil_shop, uniq_josephine, uniq_urug
D:11:     layout_stronghold
D:12:     layout_irregular_city, portal_ice_cave_entry_imps
D:13:     layout_loops_corners, ximxim_vaults_locker_room
Temple:   eino_temple_lava

Skill      XL: |  1  2  3  4  5  6  7  8  9 10 11 12 |
---------------+-------------------------------------+-----
Maces & Flails | 4 5 7 8 9 11 12 14 15 | 15.0
Armour         | 3 7 10 12 | 12.5
Fighting       | 7 10 12 | 12.0
Dodging        | 9 10 | 10.9
Throwing       | 5 |  5.6

Action                   |  1- 3 |  4- 6 |  7- 9 | 10-12 || total
-------------------------+-------+-------+-------+-------++-------
Melee: Mace              |    78 |   211 |    62 |       ||   351
       Headbutt          |    13 |    21 |    49 |   139 ||   222
       Flail             |       |       |   253 |   239 ||   492
       Dire flail        |       |       |       |   466 ||   466
Throw: Dart              |       |     1 |       |     1 ||     2
       Boomerang         |       |       |       |     1 ||     1
Invok: Berserk           |     1 |     2 |     6 |     9 ||    18
       Trog's Hand       |       |       |     2 |     7 ||     9
  Use: Scroll            |       |       |     3 |     3 ||     6
       Potion            |       |       |       |     5 ||     5
Armor: Animal skin       |    24 |     7 |       |       ||    31
       Scale mail        |       |    52 |    69 |       ||   121
       Plate armour      |       |       |    44 |   319 ||   363
       Chain mail        |       |       |    29 |       ||    29
Dodge: Dodged            |    45 |   115 |   183 |   317 ||   660

Table legend: (Time is in decaauts)
 A = Elapsed time spent in this place.
 B = Non-inter-level travel time spent in this place.
 C = Inter-level travel time spent in this place.
 D = Time resting spent in this place.
 E = Time spent auto-exploring this place.
 F = Levels seen in this place.
 G = Mean time per level.
                   A        B        C        D        E       F      G
               +--------+--------+--------+--------+--------+-----+--------+
         Total |  17976 |  17386 |    590 |   5041 |   9090 |  16 | 1123.5 |
       Dungeon |  17195 |  16611 |    584 |   4906 |   8735 |  13 | 1322.7 |
        Temple |     78 |     72 |      6 |      0 |     69 |   1 |   78.0 |
         Sewer |    478 |    478 |      0 |    135 |    148 |   1 |  478.0 |
       Ossuary |    223 |    223 |      0 |      0 |    138 |   1 |  223.0 |
               +--------+--------+--------+--------+--------+-----+--------+

Top non-repeatable levels by time:
    D:10: 3111 daAuts
     D:8: 2310 daAuts
     D:9: 1862 daAuts
     D:7: 1604 daAuts
     D:2: 1440 daAuts
     D:1: 1288 daAuts
     D:3: 1281 daAuts
     D:5: 1197 daAuts
     D:4: 1157 daAuts
     D:6: 727 daAuts
    D:12: 659 daAuts
   Sewer: 478 daAuts
    D:13: 317 daAuts
    D:11: 237 daAuts
 Ossuary: 223 daAuts
